 Dungeon Crawl Stone Soup version 0.28-a0-556-gab23d0e057 (webtiles) character file.

Game seed: 5647194265906612199

4116 Armakuni the Reanimator (level 10, -1/67 HPs)
             Began as a Human Necromancer on Sept 28, 2021.
             Was an Initiate of Gozag.
             Slain by a wolf (4 damage)
             ... led by Grum
             ... on level 7 of the Dungeon.
             The game lasted 00:26:17 (12782 turns).

Armakuni the Reanimator (Human Necromancer)        Turns: 12782, Time: 00:26:17

Health: -1/67      AC:  8    Str: 12    XL:     10   Next: 51%
Magic:  3/23       EV: 12    Int: 16    God:    Gozag
Gold:   365        SH:  0    Dex: 19    Spells: 15/28 levels left

rFire   . . .      SeeInvis .   a - +4 quarterstaff (chaos)
rCold   . . .      Faith    .   (shield currently unavailable)
rNeg    . . .      Spirit   .   r - +1 leather armour "Appoprar" {Dex+6}
rPois   .          Reflect  .   d - +0 helmet
rElec   .          Harm     .   z - +0 cloak
rCorr   .          Rampage  .   i - +0 pair of gloves
Will    .....                   m - +0 pair of boots
Stlth   ++........              (no amulet)
HPRegen 0.21/turn               (no ring)
MPRegen 0.18/turn               (no ring)

@: gold aura
A: no striking features
a: Renounce Religion, Potion Petition, Call Merchant, Bribe Branch


You were on level 7 of the Dungeon.
You worshipped Gozag.
Gozag was aware of your devotion.
You visited 2 branches of the dungeon, and saw 9 of its levels.

You collected 941 gold pieces.
You paid 576 gold pieces to Gozag.

Inventory:

Hand Weapons
 a - a +4 quarterstaff of chaos (weapon)
Missiles
 c - 40 sling bullets
 h - 63 poisoned darts
 v - 2 throwing nets
 w - 9 boomerangs
 y - 5 silver javelins
Armour
 d - a +0 helmet (worn)
 i - a +0 pair of gloves (worn)
 m - a +0 pair of boots (worn)
 p - a +0 plate armour of willpower
 r - the +1 leather armour "Appoprar" (worn) {Dex+6}
   (You found it on level 4 of the Dungeon)

   Dex:       It affects your dexterity (+6).
 x - a +0 ring mail
 z - a +0 cloak (worn)
Magical Staves
 b - a staff of conjuration
 q - a staff of air
Wands
 f - a wand of flame (8)
 k - a wand of digging (6)
Scrolls
 e - 7 scrolls of identify
 j - 3 scrolls of immolation
 n - 3 scrolls of noise
 o - 2 scrolls of summoning
 u - a scroll of silence {unknown}
Potions
 g - a potion of brilliance
 l - a potion of curing
 s - 3 potions of attraction
 A - a potion of mutation {unknown}


   Skills:
 - Level 1.9 Fighting
 - Level 2.0 Dodging
 - Level 2.0 Stealth
 + Level 9.8 Spellcasting
 - Level 10.0 Necromancy
 - Level 4.0 Evocations


You had 15 spell levels left.
You knew the following spells:

 Your Spells              Type           Power      Damage    Failure   Level
a - Agony                 Necr           39%        N/A       5%          5
b - Animate Dead          Necr           19%        N/A       1%          4
p - Pain                  Necr           100%       1d9       1%          1
z - Vampiric Draining     Necr           19%        2d8       1%          3

Your spell library contained the following spells:

 Spells                   Type           Power      Damage    Failure   Level
 Animate Skeleton         Necr           78%        N/A       1%          1
 Static Discharge         Conj/Air       7%         N/A       19%         2
 Lightning Bolt           Conj/Air       3%         1d15      97%         5
 Maxwell's Capacitive Co  Air            3%         ∞         100%        8


Dungeon Overview and Level Annotations

Branches:
Dungeon (8/15)             Temple (1/1) D:6            Lair (0/6) D:8

Altars:
Ashenzari
Dithmenos
Elyvilon
Fedhas
Gozag
Hepliaklqana
Kikubaaqudgha
Makhleb
Nemelex Xobeh
Okawaru
Qazlal
Ru
Sif Muna
Trog
Uskayaw
Vehumet
Wu Jian
Xom
Yredelemnul
Zin
The Shining One

Shops:
D:8 **(

Annotations:
D:4 Edmund, Pikel
D:8 Grum


Message History

Casting: Vampiric Draining (safe; 1% risk of failure)
Confirm with . or Enter, or press ? or * to list all spells.
You don't have enough magic to cast this spell.
Unknown command.
You hit the wolf but do no damage.
The wolf easily resists.
The wolf is heavily wounded.
The wolf closely misses you. The wolf barely misses you.
You miss the wolf.
The wolf is heavily wounded.
The wolf barely misses you. The wolf misses you.
You hit the wolf. You burn the wolf.
The wolf is almost dead.
The wolf barely misses you. The wolf bites you! The wolf bites you.
You barely miss the wolf.
The wolf is almost dead.
The wolf closely misses you. The wolf bites you.
You barely miss the wolf.
The wolf is almost dead.
The wolf barely misses you. The wolf bites you.
You closely miss the wolf.
The wolf is almost dead.
The wolf bites you.
* * * LOW HITPOINT WARNING * * *
The wolf bites you.
* * * LOW HITPOINT WARNING * * *
Your leather armour "Appoprar" prevents you from hitting the wolf.
The wolf is almost dead.
The wolf bites you but does no damage. The wolf bites you.
* * * LOW HITPOINT WARNING * * *
The wolf misses you. The wolf bites you.
* * * LOW HITPOINT WARNING * * *
You feel better. The wolf barely misses you. The wolf closely misses you.
You closely miss the wolf.
The wolf is almost dead.
The wolf bites you!
* * * LOW HITPOINT WARNING * * *
The wolf bites you.
You die...
Your body crumbles into a pile of gold.

##.##..(.#########.#.#
...#...<....# #...#.#
####....#.#.# #.###.# .#
#....#.#.# #.###.#
.###....#.#.# #.#...#
........#.#.####.#.#####
#####...#.#......#.....#
#...#.##############
#####.......@h.>..#
########......# #.####.#
#.# #.# #.# ### ## #.#
.# #.# ###### #.# .....#
#.#


You could see a wolf.

Vanquished Creatures
  A cyclops (D:8)
  A komodo dragon (D:6)
  Prince Ribbit (D:8)
  Sigmund (D:3)
  A shadow (D:6)
  A wyvern (D:7)
  2 steam dragons
  A water moccasin (D:7)
  An orc warrior (D:7)
  An ice beast (D:6)
  A necrophage (D:7)
  3 ogres
  A wolf (D:8)
  2 centaurs (D:7)
  4 kobold brigands
  A bullfrog (D:6)
  2 scorpions (D:6)
  3 killer bees (D:8)
  6 wights (D:7)
  A bullfrog zombie (D:5)
  2 jellies
  3 orc priests
  3 bullfrog skeletons
  A gnoll shaman (D:7)
  4 hounds
  Crazy Yiuf (D:6)
  2 iguanas
  3 orc wizards
  Robin (D:2)
  A howler monkey zombie (D:7)
  8 gnolls
  6 adders
  2 shadow imps
  2 white imps (D:8)
  An ufetubus (D:6)
  4 dart slugs
  16 orcs
  6 endoplasms
  3 giant cockroaches
  14 hobgoblins
  2 jackals (D:1)
  3 quokkas
  4 ball pythons
  5 bats (D:1)
  5 frilled lizards
  7 goblins
  21 kobolds
  5 rats
170 creatures vanquished.

Vanquished Creatures (others)
  4 plants (D:8)
4 creatures vanquished.

Grand Total: 174 creatures vanquished

Notes
Turn   | Place    | Note
-------+----------+-------------------------------------------
     0 | D:1      | Armakuni the Human Necromancer began the quest for the Orb.
     0 | D:1      | Reached XP level 1. HP: 13/13 MP: 3/3
   242 | D:1      | Reached XP level 2. HP: 16/20 MP: 0/5
   324 | D:1      | Reached skill level 1 in Fighting
   866 | D:1      | Reached XP level 3. HP: 16/26 MP: 0/6
  1128 | D:1      | Learned a level 3 spell: Vampiric Draining
  1919 | D:2      | Noticed Robin
  1976 | D:1      | Reached XP level 4. HP: 7/33 MP: 5/8
  2416 | D:2      | Killed Robin
  2784 | D:2      | Found a bloodstained altar of Trog.
  2916 | D:2      | Reached XP level 5. HP: 31/38 MP: 5/10
  3386 | D:3      | Noticed Sigmund
  3547 | D:3      | Found a faded altar of an unknown god.
  3562 | D:3      | Reached skill level 5 in Necromancy
  3809 | D:3      | Killed Sigmund
  3810 | D:3      | Reached skill level 6 in Necromancy
  3810 | D:3      | Reached XP level 6. HP: 44/44 MP: 0/11
  4227 | D:4      | Noticed Pikel
  4397 | D:4      | Noticed Edmund
  4690 | D:4      | Reached XP level 7. HP: 46/49 MP: 8/12
  4763 | D:4      | Reached skill level 1 in Evocations
  4924 | D:5      | Entered Level 5 of the Dungeon
  4992 | D:4      | Found a sparkling altar of Nemelex Xobeh.
  5059 | D:4      | Identified the +1 leather armour "Appoprar" {Dex+6}
  6434 | D:5      | Reached skill level 7 in Necromancy
  6544 | D:5      | Found a sacrificial altar of Ru.
  7123 | D:6      | Found an ornate altar of the Wu Jian Council.
  7236 | D:6      | Reached XP level 8. HP: 38/56 MP: 4/13
  7463 | D:6      | Found a staircase to the Ecumenical Temple.
  7526 | Temple   | Entered the Ecumenical Temple
  7589 | Temple   | Became a worshipper of Gozag Ym Sagoz the Greedy
  7740 | Temple   | Reached skill level 8 in Necromancy
  8508 | D:6      | Noticed a komodo dragon
  8521 | D:6      | Killed a komodo dragon
  8522 | D:6      | Reached skill level 9 in Necromancy
  8522 | D:6      | Reached XP level 9. HP: 61/61 MP: 14/14
  8726 | D:6      | Found a runed translucent door.
  8727 | D:6      | Noticed Crazy Yiuf
  8778 | D:6      | Reached skill level 10 in Necromancy
  8806 | D:6      | Reached skill level 5 in Spellcasting
  8847 | D:6      | Learned a level 4 spell: Animate Dead
  8853 | D:6      | Learned a level 5 spell: Agony
  9145 | D:6      | Killed Crazy Yiuf
  9630 | D:7      | Found a white marble altar of Elyvilon.
  9929 | D:7      | Found an iron altar of Okawaru.
 10341 | D:7      | Found a broken altar of Ashenzari.
 10762 | D:7      | Reached XP level 10. HP: 33/67 MP: 19/21
 11121 | D:7      | HP: 3/64 [something/puff of flame (7)]
 11926 | D:8      | Noticed Prince Ribbit
 12019 | D:8      | Killed Prince Ribbit
 12300 | D:8      | Found Bekotih's Mass Market.
 12307 | D:8      | Found Loeprahu's Hallowed Reliquary.
 12309 | D:8      | Noticed an angel
 12337 | D:8      | Noticed a cyclops
 12343 | D:8      | Killed a cyclops
 12475 | D:8      | Found a staircase to the Lair.
 12500 | D:8      | Noticed Grum
 12782 | D:7      | HP: 3/67 [wolf[Grum] (9)]
 12782 | D:7      | Slain by a wolf

Illustrated notes

Levels and vault maps discovered:
D:1:      dpeg_arrival_lava_temple_mockup, layout_basic, minmay_pentomino_t4
D:2:      layout_loops_corners, basic_altar, uniq_robin
D:3:      layout_rooms, dreamdust_ecumenical_altar_angels_and_demons,
          uniq_sigmund
D:4:      layout_loops_corners, nemelex_diamond_rough_becter, uniq_edmund,
          uniq_pikel
D:5:      layout_layer_cave, lemuel_tele_altar
D:6:      minmay_clustersquares, layout_gridville, mainiacjoe_overflow_24_doors,
          minmay_temple_entry_statues_fountains, uniq_crazy_yiuf_cottage
D:7:      layout_basic, mainiacjoe_overflow_catch_the_wave, marbit_many_paths,
          minmay_misc_feat_diagonals, minmay_crystal_water,
          kennysheep_cross_bottleneck, chequers_serial_rivers_room_b,
          grunt_ministairs_14
D:8:      corexii_shack_village, layout_loops_ring, slow_altar_1,
          lair_entry_dummy, minmay_shop_mass, nicolae_good_shop, uniq_grum,
          uniq_prince_ribbit1
Temple:   eino_wide_crystal_templ

Skill      XL: |  1  2  3  4  5  6  7  8  9 10 |
---------------+-------------------------------+-----
Fighting       | 1 |  1.9
Spellcasting   | 3 7 9 |  9.8
Necromancy     | 6 7 9 10 | 10.0
Evocations     | 4 |  4.0
Dodging        | |  2.0
Stealth        | |  2.0

Action                   |  1- 3 |  4- 6 |  7- 9 | 10-12 || total
-------------------------+-------+-------+-------+-------++-------
Melee: Staff             |     2 |       |       |       ||     2
       Dagger            |       |    32 |   122 |       ||   154
       Quarterstaff      |       |       |    76 |    66 ||   142
 Cast: Pain              |    76 |    67 |    59 |       ||   202
       Vampiric Draining |       |    13 |    33 |    24 ||    70
       Agony             |       |       |       |    10 ||    10
Invok: Call Merchant     |       |       |       |     1 ||     1
Evoke: Wand              |       |     1 |    12 |     7 ||    20
  Use: Scroll            |     1 |     5 |     5 |     2 ||    13
       Potion            |       |     1 |       |     3 ||     4
 Stab: Paralysed         |       |       |    17 |       ||    17
       Sleeping          |       |       |     1 |     1 ||     2
       Confused          |       |       |     1 |       ||     1
Armor: Robe              |     5 |    10 |     1 |       ||    16
       Skin              |       |     6 |       |       ||     6
       Leather armour    |       |       |    80 |    25 ||   105
Dodge: Dodged            |    12 |    32 |   144 |    80 ||   268

Table legend: (Time is in decaauts)
 A = Elapsed time spent in this place.
 B = Non-inter-level travel time spent in this place.
 C = Inter-level travel time spent in this place.
 D = Time resting spent in this place.
 E = Time spent auto-exploring this place.
 F = Levels seen in this place.
 G = Mean time per level.
                   A        B        C        D        E       F      G
               +--------+--------+--------+--------+--------+-----+--------+
         Total |  12845 |  12401 |    444 |   3124 |   7054 |   9 | 1427.2 |
       Dungeon |  12524 |  12091 |    433 |   2922 |   7014 |   8 | 1565.5 |
        Temple |    320 |    309 |     11 |    202 |     40 |   1 |  320.0 |
               +--------+--------+--------+--------+--------+-----+--------+

Top non-repeatable levels by time:
     D:7: 2527 daAuts
     D:6: 2177 daAuts
     D:1: 1912 daAuts
     D:5: 1548 daAuts
     D:2: 1340 daAuts
     D:4: 1225 daAuts
     D:3: 1091 daAuts
     D:8: 701 daAuts
  Temple: 320 daAuts
